MLB
CLEVELAND INDIANS @ DETROIT TIGERS
08/22/2045
 
TOP OF THE 1ST
Cleveland Indians batting - Pitching for Detroit Tigers : RHP Franklin Rojas
Pitching: RHP Franklin Rojas
Batting: LHB Arvin Dungca 0-0: Called Strike
0-1: Swinging Strike
0-2: Ball
1-2: Fly out, F7 (Flyball, 78M, EV 90.6 MPH)
Batting: LHB Danny Dunham 0-0: Foul Ball, location: 2F
0-1: Ball
1-1: Called Strike
1-2: DOUBLE (Flyball, 8RXD, EV 92.5 MPH)
Batting: LHB Kyle Schaible 0-0: Called Strike
0-1: Foul Ball, location: 2F
0-2: Foul Ball, location: 2F
0-2: Ground out 6-3 (Groundball, 6, EV 88.8 MPH)
Batting: RHB Shigem Kubo 0-0: Ball
1-0: Foul Ball, location: 2F
1-1: Called Strike
1-2: Foul Ball, location: 2F
1-2: Strikes out swinging
Top of the 1st over - 0 runs, 1 hit, 0 errors, 1 left on base; Cleveland 0 - Detroit 0
BOTTOM OF THE 1ST
Detroit Tigers batting - Pitching for Cleveland Indians : RHP Art Nobles
Pitching: RHP Art Nobles
Batting: RHB Greg Harman 0-0: Ball
1-0: SINGLE (Groundball, 6MD, EV 103.8 MPH)
Batting: LHB Per Meulengracht 0-0: Grounds out, U3 (Groundball, 3L, EV 82.5 MPH)
Batting: RHB Randy Shrewsbury 0-0: Ball
1-0: TRIPLE (Flyball, 7D, EV 98.1 MPH)
Greg Harman scores
Batting: RHB Victor Quinones 0-0: Ball
1-0: Ground out 6-3 (Groundball, 56, EV 81.2 MPH)
Randy Shrewsbury scores
Batting: LHB Morgan Black 0-0: Swinging Strike
0-1: Ball
1-1: Ground out U3 (Groundball, 34, EV 100.6 MPH)
Bottom of the 1st over - 2 runs, 2 hits, 0 errors, 0 left on base; Cleveland 0 - Detroit 2
TOP OF THE 2ND
Cleveland Indians batting - Pitching for Detroit Tigers : RHP Franklin Rojas
Batting: LHB Stu Sornson 0-0: Ball
1-0: Ball
2-0: Called Strike
2-1: Foul Ball, location: 2F
2-2: SINGLE (Groundball, 4MD, EV 96.2 MPH)
Batting: RHB Ji-an Li 0-0: Called Strike
0-1: Called Strike
0-2: Ball
1-2: Grounds into double play, 3-6-3 (Groundball, 34S, EV 83.1 MPH)
Batting: RHB Doug Hammertime 0-0: Foul Ball, location: 2F
0-1: Ball
1-1: Ball
2-1: SINGLE (Groundball, 3D, EV 103.8 MPH)
Batting: RHB Jesus Galvan 0-0: Ball
1-0: Ball
2-0: Ground out 5-3 (Groundball, 5S, EV 94.4 MPH)
Top of the 2nd over - 0 runs, 2 hits, 0 errors, 1 left on base; Cleveland 0 - Detroit 2
BOTTOM OF THE 2ND
Detroit Tigers batting - Pitching for Cleveland Indians : RHP Art Nobles
Batting: RHB Ryan Neal 0-0: SINGLE (Line Drive, 9S, EV 110.0 MPH)
Batting: LHB Tyler Davis 0-0: Ball
1-0: Grounds into double play, 5-6-3 (Groundball, 56, EV 80.6 MPH)
Batting: LHB Emmanuel Gaskin 0-0: Fly out, F9 (Flyball, 89D, EV 91.2 MPH)
Bottom of the 2nd over - 0 runs, 1 hit, 0 errors, 0 left on base; Cleveland 0 - Detroit 2
TOP OF THE 3RD
Cleveland Indians batting - Pitching for Detroit Tigers : RHP Franklin Rojas
Batting: RHB Danny Millsaps 0-0: Ball
1-0: Called Strike
1-1: Ball
2-1: Ground out 5-3 (Groundball, 5L, EV 102.5 MPH)
Batting: LHB Arvin Dungca 0-0: Called Strike
0-1: Ball
1-1: Foul Ball, location: 2F
1-2: Strikes out swinging
Batting: LHB Danny Dunham 0-0: Ball
1-0: Called Strike
1-1: Foul Ball, location: 2F
1-2: Ground out 6-3 (Groundball, 6, EV 80.6 MPH)
Top of the 3rd over - 0 runs, 0 hits, 0 errors, 0 left on base; Cleveland 0 - Detroit 2
BOTTOM OF THE 3RD
Detroit Tigers batting - Pitching for Cleveland Indians : RHP Art Nobles
Batting: RHB Brady Jeleniewski 0-0: Ball
1-0: Ball
2-0: Ball
3-0: Ground out U3 (Groundball, 3, EV 88.1 MPH)
Batting: RHB Greg Harman 0-0: Foul Ball, location: 2F
0-1: SINGLE (Groundball, 34D, EV 96.9 MPH)
Batting: LHB Per Meulengracht 0-0: Called Strike
Greg Harman is caught stealing 2nd base 2-6
0-1: Ball
1-1: Ball
2-1: Called Strike
2-2: Foul Ball, location: 2F
2-2: Ground out 3-1 (Groundball, 34, EV 86.9 MPH)
Bottom of the 3rd over - 0 runs, 1 hit, 0 errors, 0 left on base; Cleveland 0 - Detroit 2
TOP OF THE 4TH
Cleveland Indians batting - Pitching for Detroit Tigers : RHP Franklin Rojas
Batting: LHB Kyle Schaible 0-0: Foul Ball, location: 2F
0-1: Called Strike
0-2: Ground out 6-3 (Groundball, 6, EV 84.4 MPH)
Batting: RHB Shigem Kubo 0-0: Called Strike
0-1: DOUBLE (Line Drive, 78XD, EV 105.6 MPH)
Batting: LHB Stu Sornson 0-0: Ground out 6-3 (Groundball, 6D, EV 95.6 MPH)
Batting: RHB Ji-an Li 0-0: Called Strike
0-1: Ball
1-1: DOUBLE (Flyball, 8RXD, EV 110.6 MPH)
Shigem Kubo scores
Batting: RHB Doug Hammertime 0-0: Ball
1-0: Ball
2-0: SINGLE (Line Drive, 7S, EV 93.8 MPH)
Ji-an Li to third
Runner from 3rd tries for Home, SAFE, throw by LF to home
Batting: RHB Jesus Galvan 0-0: Fly out, F9 (Line Drive, 9, EV 96.2 MPH)
Top of the 4th over - 2 runs, 3 hits, 0 errors, 1 left on base; Cleveland 2 - Detroit 2
BOTTOM OF THE 4TH
Detroit Tigers batting - Pitching for Cleveland Indians : RHP Art Nobles
Batting: RHB Randy Shrewsbury 0-0: Ball
1-0: Swinging Strike
1-1: Foul Ball, location: 2F
1-2: SINGLE (Groundball, 6S, EV 76.2 MPH) (infield hit)
Batting: RHB Victor Quinones 0-0: SINGLE (Groundball, 4MD, EV 98.8 MPH)
Randy Shrewsbury to second
Runner from 2nd tries for 3rd, OUT! 8-5
Batting: LHB Morgan Black 0-0: Called Strike
0-1: Ball
1-1: Fly out, F2 (Popup, 15S, EV 90.6 MPH)
Batting: RHB Ryan Neal 0-0: Fielders Choice at 2nd, 6-4 (Groundball, 6, EV 83.1 MPH)
Bottom of the 4th over - 0 runs, 2 hits, 0 errors, 1 left on base; Cleveland 2 - Detroit 2
TOP OF THE 5TH
Cleveland Indians batting - Pitching for Detroit Tigers : RHP Franklin Rojas
Batting: RHB Danny Millsaps 0-0: Called Strike
0-1: Foul Ball, location: 2F
0-2: Ball
1-2: Strikes out swinging
Batting: LHB Arvin Dungca 0-0: Ball
1-0: Called Strike
1-1: Foul Ball, location: 2F
1-2: Ground out 4-3 (Groundball, 34, EV 102.5 MPH)
Batting: LHB Danny Dunham 0-0: Ball
1-0: Called Strike
1-1: DOUBLE (Line Drive, 89D, EV 105.0 MPH)
Batting: LHB Kyle Schaible 0-0: Ball
1-0: Called Strike
1-1: Ball
2-1: Fly out, F3 (Popup, 3, EV 65.6 MPH)
Top of the 5th over - 0 runs, 1 hit, 0 errors, 1 left on base; Cleveland 2 - Detroit 2
BOTTOM OF THE 5TH
Detroit Tigers batting - Pitching for Cleveland Indians : RHP Art Nobles
Batting: LHB Tyler Davis 0-0: Called Strike
0-1: Swinging Strike
0-2: Foul Ball, location: 2F
0-2: Foul Ball, location: 2F
0-2: Ball
1-2: Foul Ball, location: 2F
1-2: Ground out U3 (Groundball, 34, EV 85.0 MPH)
Batting: LHB Emmanuel Gaskin 0-0: Ball
1-0: Ball
2-0: Ball
3-0: Base on Balls
Batting: RHB Brady Jeleniewski 0-0: Swinging Strike
0-1: Ball
1-1: Fly out, F5 (Line Drive, 5, EV 67.5 MPH)
Batting: RHB Greg Harman 0-0: Called Strike
Pickoff Throw to First - Out! 1-3
Bottom of the 5th over - 0 runs, 0 hits, 0 errors, 0 left on base; Cleveland 2 - Detroit 2
TOP OF THE 6TH
Cleveland Indians batting - Pitching for Detroit Tigers : RHP Franklin Rojas
Batting: RHB Shigem Kubo 0-0: Called Strike
0-1: Ball
1-1: Ball
2-1: Swinging Strike
2-2: Foul Ball, location: 2F
2-2: Strikes out swinging
Batting: LHB Stu Sornson 0-0: Ball
1-0: SINGLE (Groundball, 4M, EV 103.1 MPH) (infield hit)
Batting: RHB Ji-an Li 0-0: Ball
1-0: Foul Ball, location: 2F
1-1: Ball
2-1: Ball
3-1: Called Strike
3-2: Ground out 3-1 (Groundball, 34S, EV 88.1 MPH)
Stu Sornson to second
Batting: RHB Doug Hammertime 0-0: Swinging Strike
0-1: Swinging Strike
0-2: Ball
1-2: Ball
2-2: Ball
3-2: Strikes out swinging
Top of the 6th over - 0 runs, 1 hit, 0 errors, 1 left on base; Cleveland 2 - Detroit 2
BOTTOM OF THE 6TH
Detroit Tigers batting - Pitching for Cleveland Indians : RHP Art Nobles
Batting: RHB Greg Harman 0-0: Ball
1-0: Ball
2-0: Fly out, F9 (Flyball, 9LS, EV 85.6 MPH)
Batting: LHB Per Meulengracht 0-0: Foul Ball, location: 2F
0-1: Called Strike
0-2: Ball
1-2: Foul Ball, location: 2F
1-2: Ball
2-2: DOUBLE (Line Drive, 8RD, EV 109.4 MPH)
Batting: RHB Randy Shrewsbury 0-0: Ground out 6-3 (Groundball, 6, EV 85.0 MPH)
Per Meulengracht to third
Batting: RHB Victor Quinones 0-0: Foul Ball, location: 2F
0-1: Ball
1-1: SINGLE (Groundball, 23, EV 76.2 MPH) (infield hit)
Per Meulengracht scores
Batting: LHB Morgan Black 0-0: Called Strike
0-1: Ball
1-1: Ball
2-1: Foul Ball, location: 2F
2-2: Foul Ball, location: 2F
2-2: Ball
3-2: Foul Ball, location: 2F
3-2: Base on Balls
Victor Quinones to second
Batting: RHB Ryan Neal 0-0: Ball
1-0: Reached on error, E5 (Groundball, 56, EV 94.4 MPH)
Victor Quinones to third
Morgan Black to second
Batting: LHB Tyler Davis 0-0: Foul Ball, location: 2F
0-1: Ball
1-1: Ball
2-1: Ground out 4-3 (Groundball, 4, EV 87.5 MPH)
Bottom of the 6th over - 1 run, 2 hits, 1 error, 3 left on base; Cleveland 2 - Detroit 3
TOP OF THE 7TH
Cleveland Indians batting - Pitching for Detroit Tigers : RHP Franklin Rojas
Batting: RHB Jesus Galvan 0-0: Called Strike
0-1: Ball
1-1: Ball
2-1: Called Strike
2-2: Foul Ball, location: 2F
2-2: Strikes out swinging
Batting: RHB Danny Millsaps 0-0: Ball
1-0: Ball
2-0: Foul Ball, location: 2F
2-1: Ball
3-1: Fly out, F7 (Flyball, 7S, EV 94.4 MPH)
Batting: LHB Arvin Dungca 0-0: Swinging Strike
0-1: Ball
1-1: Ball
2-1: Ground out 4-3 (Groundball, 4, EV 87.5 MPH)
Top of the 7th over - 0 runs, 0 hits, 0 errors, 0 left on base; Cleveland 2 - Detroit 3
BOTTOM OF THE 7TH
Detroit Tigers batting - Pitching for Cleveland Indians : RHP Art Nobles
Batting: LHB Emmanuel Gaskin 0-0: Called Strike
0-1: SINGLE (Line Drive, 9S, EV 100.6 MPH)
Batting: RHB Brady Jeleniewski 0-0: Ball
1-0: Sac Bunt to 2L - play at first, batter OUT! 2-4
Emmanuel Gaskin to second
Batting: RHB Greg Harman 0-0: Swinging Strike
0-1: Ball
1-1: Called Strike
1-2: Foul Ball, location: 2F
1-2: Ball
2-2: Foul Ball, location: 2F
2-2: Ball
3-2: Ground out 6-3 (Groundball, 56, EV 88.8 MPH)
Batting: LHB Per Meulengracht 0-0: Called Strike
0-1: Ball
1-1: Ball
2-1: Ball
3-1: Called Strike
3-2: Base on Balls
Batting: RHB Randy Shrewsbury 0-0: Foul Ball, location: 2F
0-1: Foul Ball, location: 2F
0-2: Ball
1-2: Foul Ball, location: 2F
1-2: Fly out, F6 (Popup, 6D, EV 61.9 MPH)
Bottom of the 7th over - 0 runs, 1 hit, 0 errors, 2 left on base; Cleveland 2 - Detroit 3
TOP OF THE 8TH
Cleveland Indians batting - Pitching for Detroit Tigers : RHP Franklin Rojas
Pitching: RHP Eric Putnam
Batting: LHB Danny Dunham 0-0: Ball
1-0: Called Strike
1-1: Called Strike
1-2: Ground out 6-3 (Groundball, 56, EV 85.6 MPH)
Batting: LHB Kyle Schaible 0-0: Ball
1-0: Called Strike
1-1: Foul Ball, location: 2F
1-2: Foul Ball, location: 2F
1-2: Ground out 5-3 (Groundball, 5, EV 103.8 MPH)
Batting: RHB Shigem Kubo 0-0: Ball
1-0: Ball
2-0: Ball
3-0: Called Strike
3-1: Fly out, F7 (Flyball, 7D, EV 100.6 MPH)
Top of the 8th over - 0 runs, 0 hits, 0 errors, 0 left on base; Cleveland 2 - Detroit 3
BOTTOM OF THE 8TH
Detroit Tigers batting - Pitching for Cleveland Indians : RHP Art Nobles
Batting: RHB Victor Quinones 0-0: Called Strike
0-1: Foul Ball, location: 2F
0-2: Ground out U3 (Groundball, 13, EV 90.6 MPH)
Pitching: RHP Jorge Reyes
Batting: LHB Morgan Black 0-0: Ball
1-0: Ball
2-0: Ball
3-0: Called Strike
3-1: Called Strike
3-2: Foul Ball, location: 2F
3-2: Foul Ball, location: 2F
3-2: SINGLE (Groundball, 56D, EV 105.6 MPH)
Batting: RHB Ryan Neal 0-0: Ball
Morgan Black is caught stealing 2nd base 2-4
1-0: Ball
2-0: Ball
3-0: Called Strike
3-1: Foul Ball, location: 2F
3-2: SINGLE (Groundball, 56D, EV 99.4 MPH)
Batting: LHB Tyler Davis 0-0: Ball
1-0: Called Strike
1-1: Ground out 1-3 (Groundball, 34S, EV 71.9 MPH)
Bottom of the 8th over - 0 runs, 2 hits, 0 errors, 1 left on base; Cleveland 2 - Detroit 3
TOP OF THE 9TH
Cleveland Indians batting - Pitching for Detroit Tigers : RHP Eric Putnam
Pitching: RHP Riso Profanter
Batting: LHB Stu Sornson 0-0: Ball
1-0: SOLO HOME RUN (Flyball, 9LD, EV 91.9 MPH), Distance : 364 ft
Batting: RHB Ji-an Li 0-0: Ball
1-0: Called Strike
1-1: Ball
2-1: Ball
3-1: Swinging Strike
3-2: Base on Balls
Batting: RHB Doug Hammertime Pickoff Throw to First - Error! E1
Ji-an Li to second
0-0: Called Strike
0-1: Swinging Strike
0-2: Ball
1-2: Ball
2-2: Foul Ball, location: 2F
2-2: Strikes out swinging
Batting: RHB Jesus Galvan 0-0: Intentional Walk
Batting: RHB Danny Millsaps 0-0: Called Strike
0-1: Ball
1-1: Swinging Strike
1-2: Strikes out looking
Batting: LHB Arvin Dungca 0-0: Foul Ball, location: 2F
0-1: Ball
1-1: Fly out, F6 (Line Drive, 6, EV 72.5 MPH)
Top of the 9th over - 1 run, 1 hit, 1 error, 2 left on base; Cleveland 3 - Detroit 3
BOTTOM OF THE 9TH
Detroit Tigers batting - Pitching for Cleveland Indians : RHP Jorge Reyes
Batting: LHB Emmanuel Gaskin 0-0: Called Strike
0-1: Ball
1-1: Swinging Strike
1-2: Fly out, F9 (Flyball, 9D, EV 89.4 MPH)
Batting: RHB Brady Jeleniewski 0-0: Ball
1-0: Ball
2-0: SINGLE (Flyball, 8LM, EV 92.5 MPH)
Batting: RHB Greg Harman 0-0: Called Strike
0-1: Ball
Brady Jeleniewski steals 2nd base (no throw)
1-1: Foul Ball, location: 2F
1-2: Ball
2-2: Foul Ball, location: 2F
2-2: Foul Ball, location: 2F
2-2: Hit by Pitch
Batting: LHB Per Meulengracht 0-0: Ball
1-0: Ball
2-0: Called Strike
2-1: Foul Ball, location: 2F
2-2: Ball
3-2: Foul Ball, location: 2F
3-2: Grounds into double play, 4-6-3 (Groundball, 4, EV 87.5 MPH)
Bottom of the 9th over - 0 runs, 1 hit, 0 errors, 1 left on base; Cleveland 3 - Detroit 3
TOP OF THE 10TH
Cleveland Indians batting - Pitching for Detroit Tigers : RHP Riso Profanter
Pitching: RHP Stacey Kerssies
Batting: LHB Danny Dunham 0-0: Ball
1-0: Foul Ball, location: 2F
1-1: Swinging Strike
1-2: Ball
2-2: Ball
3-2: Foul Ball, location: 2F
3-2: Foul Ball, location: 2F
3-2: Strikes out looking
Batting: LHB Kyle Schaible 0-0: Ball
1-0: Called Strike
1-1: SINGLE (Groundball, 56D, EV 102.5 MPH)
Pinch Runner at 1st Rich Stinson:
Batting: RHB Shigem Kubo 0-0: Ball
1-0: Ball
Rich Stinson steals 2nd base
2-0: Ball
3-0: Called Strike
3-1: Swinging Strike
3-2: Ground out 3-1 (Groundball, 34, EV 83.8 MPH)
Rich Stinson to third
Batting: LHB Stu Sornson 0-0: Called Strike
0-1: Foul Ball, location: 2F
0-2: Ball
1-2: Ball
2-2: Strikes out swinging
Top of the 10th over - 0 runs, 1 hit, 0 errors, 1 left on base; Cleveland 3 - Detroit 3
BOTTOM OF THE 10TH
Detroit Tigers batting - Pitching for Cleveland Indians : RHP Jorge Reyes
Now at SS: Drtian Thaqi
Batting: RHB Randy Shrewsbury 0-0: Foul Ball, location: 2F
0-1: Ball
1-1: Ball
2-1: SINGLE (Groundball, 4MD, EV 103.1 MPH)
Batting: RHB Victor Quinones 0-0: Called Strike
0-1: Ball
1-1: Ball
2-1: Ball
3-1: Base on Balls
Randy Shrewsbury to second
Pitching: LHP Andy Gaiser
Pinch Hitting: RHB Dave Reynolds 0-0: Called Strike
0-1: Ball
Wild Pitch!
Randy Shrewsbury to third
Victor Quinones to second
1-1: Fielders Choice at home, 4-2 (Groundball, 4, EV 85.6 MPH)
Victor Quinones to third
Batting: RHB Ryan Neal 0-0: Fly out, F7 (Flyball, 78S, EV 84.4 MPH)
Batting: RHB Danny Eberhart 0-0: Called Strike
0-1: Called Strike
0-2: Ball
1-2: Foul Ball, location: 2F
1-2: Ball
2-2: Ball
3-2: Base on Balls
Dave Reynolds to second
Batting: LHB Emmanuel Gaskin 0-0: Swinging Strike
0-1: Ground out U3 (Groundball, 3S, EV 63.8 MPH)
Bottom of the 10th over - 0 runs, 1 hit, 0 errors, 3 left on base; Cleveland 3 - Detroit 3
TOP OF THE 11TH
Cleveland Indians batting - Pitching for Detroit Tigers : RHP Stacey Kerssies
Now in LF: Dave Calder
Batting: RHB Ji-an Li 0-0: Fly out, F6 (Popup, 6, EV 61.9 MPH)
Batting: RHB Doug Hammertime 0-0: Ball
1-0: Ball
2-0: SINGLE (Groundball, 4D, EV 100.6 MPH)
Batting: RHB Jesus Galvan 0-0: Ball
1-0: Ball
2-0: Ball
3-0: Called Strike
3-1: Base on Balls
Doug Hammertime to second
Batting: RHB Danny Millsaps 0-0: Grounds into double play, 6-4-3 (Groundball, 6, EV 81.9 MPH)
Top of the 11th over - 0 runs, 1 hit, 0 errors, 1 left on base; Cleveland 3 - Detroit 3
BOTTOM OF THE 11TH
Detroit Tigers batting - Pitching for Cleveland Indians : LHP Andy Gaiser
Batting: RHB Brady Jeleniewski 0-0: Ball
1-0: Ball
2-0: Ball
3-0: Base on Balls
Batting: RHB Greg Harman 0-0: Ball
1-0: Hit by Pitch
Brady Jeleniewski to second
Batting: LHB Per Meulengracht 0-0: Called Strike
0-1: Ball
1-1: Swinging Strike
1-2: SINGLE (Groundball, 4MS, EV 66.2 MPH) (infield hit)
Brady Jeleniewski to third
Greg Harman to second
Batting: RHB Randy Shrewsbury 0-0: Ball
1-0: Ball
2-0: Ball
3-0: Called Strike
3-1: Base on Balls
Brady Jeleniewski scores
Greg Harman to third
Per Meulengracht to second
Bottom of the 11th over - 1 run, 1 hit, 0 errors, 0 left on base; Cleveland 3 - Detroit 4
Game Over ... Detroit defeats Cleveland, 4 to 3
Wednesday, June 22nd , 2022 - OOTP Baseball 23.4 Build 64